Ice Dragons vs Monarchs
Created - 18 mars 2017 at 20:08
Goals
|
| Ice Dragons |
0 |
2 |
1 |
3 |
| Monarchs |
1 |
3 |
3 |
7 |
|
Shots
|
| Ice Dragons |
3 |
13 |
8 |
24 |
| Monarchs |
10 |
23 |
11 |
44 |
|
1st period
1. Monarchs , Riley Cote 26 (Ryan White) at 12:11
Penalties :
Bradley Malone (Kin) for Tripping (Minor) at 1:00, Mark Stone (MAN) for Hooking (Minor) at 6:40, Troy Brouwer (Kin) for Hooking (Minor) at 12:22
2nd period
2. Ice Dragons , Brian Gionta 8 (Patrick O'Sullivan) at 0:47
3. Monarchs , Shawn Matthias 25 (Alec Martinez, Matt Irwin) at 3:30 (PP)
4. Monarchs , Justin Williams 44 (Tyler Toffoli, Matt Irwin) at 11:18 (PP)
5. Ice Dragons , Brandon Kozun 11 (Michael Latta, Petr Vrana) at 11:34
6. Monarchs , Kyle Clifford 31 (Justin Williams, Tyler Toffoli) at 13:42 (PP)
Penalties :
Alexander Urbom (Kin) for Roughing (Minor) at 2:01, Michael Latta (Kin) for High sticking (Minor) at 10:09, Patrick Davis (Kin) for High sticking (Minor) at 12:18
3rd period
7. Monarchs , Justin Williams 45 (Kyle Clifford, Tyler Toffoli) at 1:36 (PP)
8. Monarchs , Shawn Matthias 26 (Alec Martinez) at 3:37 (SH)
9. Monarchs , Matt Tennyson 3 (Justin Williams, Kyle Clifford) at 6:39
10. Ice Dragons , Jordan LaVallee 27 (Tyler Haskins) at 9:13
Penalties :
Logan MacMillan (Kin) for Interference (Minor) at 1:19, Riley Cote (MAN) for Hooking (Minor) at 3:28, Kyle Clifford (MAN) for Fighting (Major) at 10:54, Ryan Reaves (Kin) for Fighting (Major) at 10:54, Ryan Reaves (Kin) for instigated a fight (Minor) at 10:54, Ryan Reaves (Kin) for instigated a fight (10 Minutes Misconduct) at 10:54, Tom Gilbert (MAN) for Roughing (Minor) at 15:19
Goalie Stats
Justin Pogge (Kin), 37 saves from 44 shots - (0,841), L, 24-21-4, 60:00 minutes
Andrew Hammond (MAN), 21 saves from 24 shots - (0,875), W, 4-2-0, 60:00 minutes
Players Stats for Ice Dragons
Player Name G A P +/- PIM S H SB GA TA FO MP PP MP PK MP
------------------------------------------------------------------------------------
Alexander Urbom 0 0 0 1 2 0 0 0 0 0 0/0 18:46 1:31 2:38
Bradley Malone 0 0 0 0 2 0 0 0 0 0 0/3 4:46 0:00 0:00
Brandon Kozun 1 0 1 -1 0 3 0 0 0 0 0/1 11:50 0:18 0:00
Brian Gionta 1 0 1 0 0 4 1 3 0 1 0/0 20:38 3:02 2:58
Joe Callahan 0 0 0 0 0 0 4 4 3 0 0/0 29:05 3:47 6:49
Joey Hishon 0 0 0 0 0 0 0 0 0 0 0/0 4:21 0:29 0:27
Jordan LaVallee 1 0 1 1 0 3 0 0 0 0 3/4 19:44 2:21 4:26
Kevin Connauton 0 0 0 0 0 0 0 1 0 1 0/0 27:05 3:47 6:49
Kyle Bigos 0 0 0 -1 0 0 0 0 0 0 0/0 11:47 0:39 0:49
Logan MacMillan 0 0 0 0 2 0 1 0 0 0 0/0 4:30 0:00 0:00
Michael Latta 0 1 1 -1 2 4 2 1 1 0 3/9 14:07 0:23 1:38
Patrick Davis 0 0 0 1 2 1 1 4 0 0 0/0 14:24 0:00 0:00
Patrick O'Sullivan 0 1 1 0 0 1 2 1 0 0 17/37 25:55 3:02 5:37
Petr Vrana 0 1 1 -1 0 4 1 0 0 1 3/3 14:01 0:55 1:04
Ryan Reaves 0 0 0 1 17 0 1 0 0 0 0/0 13:01 1:52 0:00
Samuel Groulx 0 0 0 -1 0 0 1 0 0 0 0/0 18:19 2:10 3:27
Troy Brouwer 0 0 0 0 2 4 4 2 1 0 3/4 21:38 2:57 4:22
Tyler Haskins 0 1 1 1 0 0 2 1 2 0 5/12 15:40 2:32 0:00
Players Stats for Monarchs
Player Name G A P +/- PIM S H SB GA TA FO MP PP MP PK MP
------------------------------------------------------------------------------------
Alec Martinez 0 2 2 1 0 1 4 2 0 1 0/0 25:54 7:00 4:01
Alexandre Grenier 0 0 0 1 0 0 3 0 0 2 0/0 14:37 0:24 3:01
Andreas Martinsen 0 0 0 0 0 3 0 0 0 0 1/1 9:49 0:48 1:20
Anthony Peluso 0 0 0 0 0 1 0 2 0 0 0/0 6:40 0:00 0:00
Justin Faulk 0 0 0 0 0 1 1 1 1 0 0/0 19:33 3:16 0:34
Justin Williams 2 2 4 0 0 9 2 0 1 0 1/1 18:51 6:28 0:00
Kyle Clifford 1 2 3 0 5 4 3 0 0 0 0/2 19:07 5:17 1:45
Mark Stone 0 0 0 -2 2 1 0 0 0 1 1/1 16:39 3:24 0:00
Matt Irwin 0 2 2 -1 0 3 2 1 0 1 0/0 23:36 7:00 0:00
Matt Tennyson 1 0 1 0 0 2 0 1 0 0 0/0 13:59 0:00 1:56
Riley Cote 1 0 1 1 2 4 0 0 0 0 2/3 13:00 0:14 1:50
Ryan White 0 1 1 1 0 0 0 0 0 0 6/9 11:40 0:28 0:00
Shawn Matthias 2 0 2 -1 0 5 6 0 0 0 2/2 18:16 3:50 1:25
Theo Peckham 0 0 0 0 0 2 3 1 0 1 0/0 20:11 0:00 4:01
Tom Gilbert 0 0 0 0 2 2 1 1 1 0 0/0 16:47 3:16 1:22
Trevor Lewis 0 0 0 0 0 3 1 0 0 0 1/1 6:40 0:00 0:00
Tyler Toffoli 0 3 3 0 0 1 1 0 0 0 13/28 19:47 6:14 0:55
Zac Rinaldo 0 0 0 -1 0 2 2 0 0 1 12/25 18:59 3:41 1:44
3 Stars
1 - Justin Williams (MAN)
2 - Shawn Matthias (MAN)
3 - Alec Martinez (MAN)
Power Play
Ice Dragons - 0 on 3 Attempt(s) - 0,00%
Monarchs - 4 on 7 Attempt(s) - 57,14%
Penalty Kill
Ice Dragons - 3 on 7 Attempt(s) - 42,86%
- Score 0 goal in Penalty Kill
Monarchs - 3 on 3 Attempt(s) - 100,00%
- Score 1 goal in Penalty Kill
Team Stat
Ice Dragons - Hits : 20 - Faceoff Wins : 34 - Blocked Shots : 17 - Penalty Minutes : 29
Monarchs - Hits : 29 - Faceoff Wins : 39 - Blocked Shots : 9 - Penalty Minutes : 11
Official
Referees : LaRue Dennis and Sutherland Kelly
Linesman : Brian Murphy and Derek Amell
Game Notes
Kyle Clifford and Ryan Reaves fight to a draw at 10:54 of 3rd period
Finance
Level 1 -- Attendance: 1598 (79,90%) -- Ticket Income 63 920 $
Level 2 -- Attendance: 774 (77,40%) -- Ticket Income 15 480 $
Total Attendance: 2372 (79,07%)
Total Ticket Income: 79 400 $
Other Income: 3 970 $
Total Income: 83 370 $
Ice Dragons
5 vs 5 Forward
Center Left Wing Right Wing Time % Phy DF OF
1 Patrick O'Sullivan Troy Brouwer Brian Gionta 40 2 2 1
2 Tyler Haskins Jordan LaVallee Ryan Reaves 30 2 2 1
3 Michael Latta Petr Vrana Brandon Kozun 20 2 2 1
4 Bradley Malone Logan MacMillan Patrick O'Sullivan 10 2 2 1
5 vs 5 Defense
Defense Defense Time % Phy DF OF
1 Joe Callahan Kevin Connauton 40 2 2 1
2 Patrick Davis Alexander Urbom 30 2 2 1
3 Samuel Groulx Kyle Bigos 20 2 2 1
4 Samuel Groulx Joe Callahan 10 2 2 1
PowerPlay Forward
Center Left Wing Right Wing Time % Phy DF OF
1 Patrick O'Sullivan Troy Brouwer Brian Gionta 60 1 1 3
2 Tyler Haskins Jordan LaVallee Ryan Reaves 40 1 1 3
PowerPlay Defense
Defense Defense Time % Phy DF OF
1 Joe Callahan Kevin Connauton 60 2 1 2
2 Samuel Groulx Alexander Urbom 40 2 1 2
Penalty Kill 4 Players Forward
Center Wing Time % Phy DF OF
1 Patrick O'Sullivan Troy Brouwer 60 2 3 0
2 Jordan LaVallee Brian Gionta 40 2 3 0
Penalty Kill 4 Players Defense
Defense Defense Time % Phy DF OF
1 Joe Callahan Kevin Connauton 60 2 3 0
2 Samuel Groulx Alexander Urbom 40 2 3 0
Penalty Kill - 3 Players Forward
Forward Time % Phy DF OF
1 Patrick O'Sullivan 60 1 4 0
2 Troy Brouwer 40 1 4 0
Penalty Kill - 3 Players Defense
Defense Defense Time % Phy DF OF
1 Joe Callahan Kevin Connauton 60 1 4 0
2 Samuel Groulx Alexander Urbom 40 1 4 0
4 vs 4 Forward
Center Wing Time % Phy DF OF
1 Patrick O'Sullivan Troy Brouwer 60 2 2 1
2 Jordan LaVallee Brian Gionta 40 2 2 1
4 vs 4 Defense
Defense Defense Time % Phy DF OF
1 Joe Callahan Kevin Connauton 60 2 2 1
2 Samuel Groulx Alexander Urbom 40 2 2 1
Last Minutes Offensive
Center Left Wing Right Wing Defense Defense
Patrick O'Sullivan Troy Brouwer Brian Gionta Joe Callahan Kevin Connauton
Last Minutes Defensive
Center Left Wing Right Wing Defense Defense
Patrick O'Sullivan Troy Brouwer Brian Gionta Joe Callahan Kevin Connauton
Goaltenders
Starting : Justin Pogge
Backup : Anders Nilsson
Extra Forwards
Normal : Joey Hishon, Petr Vrana, Michael Latta - PP : Joey Hishon, Petr Vrana - PK : Michael Latta
Extra Defensemen
Normal : Samuel Groulx, Kyle Bigos, Kevin Connauton - PP : Samuel Groulx - PK : Kyle Bigos, Kevin Connauton
Penalty Shots
Patrick O'Sullivan, Troy Brouwer, Jordan LaVallee, Brian Gionta, Petr Vrana
Monarchs
5 vs 5 Forward
Center Left Wing Right Wing Time % Phy DF OF
1 Tyler Toffoli Kyle Clifford Justin Williams 35 1 2 2
2 Zac Rinaldo Shawn Matthias Mark Stone 35 1 2 2
3 Ryan White Riley Cote Alexandre Grenier 20 1 2 2
4 Trevor Lewis Andreas Martinsen Anthony Peluso 10 1 2 2
5 vs 5 Defense
Defense Defense Time % Phy DF OF
1 Alec Martinez Justin Faulk 35 0 3 2
2 Matt Irwin Theo Peckham 35 0 3 2
3 Matt Tennyson Tom Gilbert 25 1 3 1
4 Tom Gilbert Alec Martinez 5 1 3 1
PowerPlay Forward
Center Left Wing Right Wing Time % Phy DF OF
1 Tyler Toffoli Kyle Clifford Justin Williams 60 0 1 4
2 Zac Rinaldo Shawn Matthias Mark Stone 40 0 1 4
PowerPlay Defense
Defense Defense Time % Phy DF OF
1 Matt Irwin Alec Martinez 60 0 2 3
2 Justin Faulk Tom Gilbert 40 0 2 3
Penalty Kill 4 Players Forward
Center Wing Time % Phy DF OF
1 Riley Cote Alexandre Grenier 60 1 2 2
2 Shawn Matthias Zac Rinaldo 40 1 2 2
Penalty Kill 4 Players Defense
Defense Defense Time % Phy DF OF
1 Alec Martinez Theo Peckham 60 1 2 2
2 Tom Gilbert Matt Tennyson 40 1 2 2
Penalty Kill - 3 Players Forward
Forward Time % Phy DF OF
1 Riley Cote 60 1 2 2
2 Shawn Matthias 40 1 2 2
Penalty Kill - 3 Players Defense
Defense Defense Time % Phy DF OF
1 Theo Peckham Tom Gilbert 60 1 2 2
2 Matt Tennyson Alec Martinez 40 1 2 2
4 vs 4 Forward
Center Wing Time % Phy DF OF
1 Riley Cote Justin Williams 60 1 2 2
2 Shawn Matthias Andreas Martinsen 40 1 2 2
4 vs 4 Defense
Defense Defense Time % Phy DF OF
1 Matt Irwin Alec Martinez 60 1 2 2
2 Tom Gilbert Matt Tennyson 40 1 2 2
Last Minutes Offensive
Center Left Wing Right Wing Defense Defense
Shawn Matthias Kyle Clifford Justin Williams Justin Faulk Matt Irwin
Last Minutes Defensive
Center Left Wing Right Wing Defense Defense
Shawn Matthias Riley Cote Alexandre Grenier Alec Martinez Theo Peckham
Goaltenders
Starting : Andrew Hammond
Backup : Jhonas Enroth
Extra Forwards
Normal : Andreas Martinsen, Zac Rinaldo, Mark Stone - PP : Shawn Matthias, Zac Rinaldo - PK : Kyle Clifford
Extra Defensemen
Normal : Matt Irwin, Justin Faulk, Alec Martinez - PP : Matt Tennyson - PK : Justin Faulk, Matt Irwin
Penalty Shots
Riley Cote, Justin Williams, Matt Irwin, Shawn Matthias, Kyle Clifford
% Time on Ice - Ice Dragons
Lines # - Real PCT - Wanted PCT - Time Play
Normal Forward
1 - 34% - 40% - 14:47
2 - 32% - 30% - 13:48
3 - 24% - 20% - 10:41
4 - 10% - 10% - 4:31
Normal Defense
1 - 38% - 40% - 16:47
2 - 35% - 30% - 15:31
3 - 21% - 20% - 9:20
4 - 5% - 10% - 2:09
PP Forward
1 - 51% - 60% - 3:02
2 - 49% - 40% - 2:55
PP Defense
1 - 64% - 60% - 3:47
2 - 36% - 40% - 2:10
PK Forward
1 - 71% - 60% - 7:18
2 - 29% - 40% - 2:58
PK Defense
1 - 66% - 60% - 6:49
2 - 34% - 40% - 3:27
PK3 Forward
1 - 0% - 60%
2 - 0% - 40%
PK3 Defense
1 - 0% - 60%
2 - 0% - 40%
44 Forward
1 - 0% - 60%
2 - 0% - 40%
44 Defense
1 - 0% - 60%
2 - 0% - 40%
Last Minute Offensive - 0:00
Last Minute Defensive - 0:00
Total
Forward - 60:00
Defense - 60:00
|
% Time on Ice - Monarchs
Lines # - Real PCT - Wanted PCT - Time Play
Normal Forward
1 - 31% - 35% - 13:25
2 - 30% - 35% - 13:01
3 - 24% - 20% - 10:41
4 - 15% - 10% - 6:40
Normal Defense
1 - 34% - 35% - 14:59
2 - 39% - 35% - 16:54
3 - 27% - 25% - 11:48
4 - 0% - 5% - 0:06
PP Forward
1 - 66% - 60% - 6:49
2 - 34% - 40% - 3:27
PP Defense
1 - 68% - 60% - 7:00
2 - 32% - 40% - 3:16
PK Forward
1 - 76% - 60% - 4:32
2 - 24% - 40% - 1:25
PK Defense
1 - 68% - 60% - 4:01
2 - 32% - 40% - 1:56
PK3 Forward
1 - 0% - 60%
2 - 0% - 40%
PK3 Defense
1 - 0% - 60%
2 - 0% - 40%
44 Forward
1 - 0% - 60%
2 - 0% - 40%
44 Defense
1 - 0% - 60%
2 - 0% - 40%
Last Minute Offensive - 0:00
Last Minute Defensive - 0:00
Total
Forward - 60:00
Defense - 60:00
|
Play by Play
1st period
0:01 of 1st period - Tyler Toffoli wins face-off versus Patrick O'Sullivan in neutral zone.
0:12 of 1st period - Wrist shot by Justin Williams.
0:12 of 1st period - Shot Misses the Net.
0:46 of 1st period - Off-side.
0:47 of 1st period - Ryan White wins face-off versus Michael Latta in neutral zone.
0:56 of 1st period - Snap shot by Riley Cote.
0:56 of 1st period - Stopped by Justin Pogge without a rebound.
0:57 of 1st period - Trevor Lewis wins face-off versus Bradley Malone in Ice Dragons zone.
0:58 of 1st period - Snap shot by Matt Irwin.
0:58 of 1st period - Shot Misses the Net.
1:00 of 1st period - Minor Penalty to Bradley Malone for Tripping.
1:01 of 1st period - Patrick O'Sullivan wins face-off versus Kyle Clifford in Ice Dragons zone.
1:50 of 1st period - Tom Gilbert is hit by Troy Brouwer and loses puck.
2:58 of 1st period - Samuel Groulx is hit by Matt Irwin and loses puck.
3:00 of 1st period - Penalty to Bradley Malone is over, Bradley Malone is back on ice.
3:33 of 1st period - Theo Peckham is hit by Patrick O'Sullivan and loses puck.
4:52 of 1st period - Slapshot by Matt Irwin.
4:52 of 1st period - Stopped by Justin Pogge with a rebound.
5:23 of 1st period - Samuel Groulx is hit by Justin Williams.
6:20 of 1st period - Tom Gilbert is hit by Tyler Haskins and loses puck.
6:25 of 1st period - Wrist shot by Jordan LaVallee.
6:25 of 1st period - Stopped by Andrew Hammond without a rebound.
6:26 of 1st period - Michael Latta wins face-off versus Zac Rinaldo in Monarchs zone.
6:40 of 1st period - Minor Penalty to Mark Stone for Hooking.
6:41 of 1st period - Riley Cote wins face-off versus Troy Brouwer in Monarchs zone.
6:41 of 1st period - Riley Cote is hit by Joe Callahan.
6:59 of 1st period - Alec Martinez is hit by Patrick O'Sullivan and loses puck.
7:10 of 1st period - Joe Callahan is hit by Alec Martinez and loses puck.
7:19 of 1st period - Zac Rinaldo is hit by Joe Callahan and loses puck.
8:40 of 1st period - Penalty to Mark Stone is over, Mark Stone is back on ice.
8:54 of 1st period - Wrist shot by Michael Latta.
8:54 of 1st period - Deflect By Brandon Kozun.
8:54 of 1st period - Shot Misses the Net.
8:54 of 1st period - Puck is out of play.
8:55 of 1st period - Zac Rinaldo wins face-off versus Michael Latta in Monarchs zone.
8:59 of 1st period - Off-side.
9:00 of 1st period - Mark Stone wins face-off versus Patrick O'Sullivan in neutral zone.
9:55 of 1st period - Snap shot by Michael Latta.
9:55 of 1st period - Stopped by Andrew Hammond without a rebound.
9:56 of 1st period - Patrick O'Sullivan wins face-off versus Zac Rinaldo in Monarchs zone.
10:13 of 1st period - Joe Callahan is hit by Shawn Matthias and loses puck.
10:34 of 1st period - Wrist shot by Justin Williams.
10:34 of 1st period - Stopped by Justin Pogge without a rebound.
10:35 of 1st period - Justin Williams wins face-off versus Michael Latta in Ice Dragons zone.
10:38 of 1st period - Slapshot by Matt Irwin.
10:38 of 1st period - Shot Misses the Net.
10:40 of 1st period - Slapshot by Theo Peckham.
10:40 of 1st period - Stopped by Justin Pogge without a rebound.
10:41 of 1st period - Petr Vrana wins face-off versus Tyler Toffoli in Ice Dragons zone.
11:02 of 1st period - Samuel Groulx is hit by Kyle Clifford and loses puck.
11:09 of 1st period - Slapshot by Matt Irwin.
11:09 of 1st period - Deflect By Kyle Clifford.
11:09 of 1st period - Shot Misses the Net.
11:09 of 1st period - Puck is out of play.
11:10 of 1st period - Zac Rinaldo wins face-off versus Patrick O'Sullivan in Ice Dragons zone.
11:17 of 1st period - Wrist shot by Mark Stone.
11:17 of 1st period - Stopped by Justin Pogge without a rebound.
11:18 of 1st period - Patrick O'Sullivan wins face-off versus Zac Rinaldo in Ice Dragons zone.
11:27 of 1st period - Wrist shot by Zac Rinaldo.
11:27 of 1st period - Shot Blocked by Kevin Connauton.
11:29 of 1st period - Snap shot by Alec Martinez.
11:29 of 1st period - Stopped by Justin Pogge with a rebound.
11:45 of 1st period - Snap shot by Jordan LaVallee.
11:45 of 1st period - Shot Misses the Net.
12:05 of 1st period - Backhand shot by Riley Cote.
12:05 of 1st period - Stopped by Justin Pogge without a rebound.
12:06 of 1st period - Ryan White wins face-off versus Michael Latta in Ice Dragons zone.
12:11 of 1st period - Backhand shot by Riley Cote.
12:11 of 1st period - Goal by Riley Cote - Ice Dragons : 0 - Monarchs : 1.
12:12 of 1st period - Patrick O'Sullivan wins face-off versus Zac Rinaldo in neutral zone.
12:22 of 1st period - Minor Penalty to Troy Brouwer for Hooking.
12:23 of 1st period - Tyler Toffoli wins face-off versus Patrick O'Sullivan in Ice Dragons zone.
12:29 of 1st period - Wrist shot by Kyle Clifford.
12:29 of 1st period - Shot Misses the Net.
12:31 of 1st period - Slapshot by Matt Irwin.
12:31 of 1st period - Shot Misses the Net.
12:33 of 1st period - Slapshot by Matt Irwin.
12:33 of 1st period - Shot Misses the Net.
12:35 of 1st period - Wrist shot by Matt Irwin.
12:35 of 1st period - Shot Blocked by Patrick O'Sullivan.
12:37 of 1st period - Backhand shot by Alec Martinez.
12:37 of 1st period - Shot Misses the Net.
12:39 of 1st period - Snap shot by Kyle Clifford.
12:39 of 1st period - Stopped by Justin Pogge with a rebound.
13:41 of 1st period - Alexander Urbom is hit by Tom Gilbert and loses puck.
14:22 of 1st period - Penalty to Troy Brouwer is over, Troy Brouwer is back on ice.
14:46 of 1st period - Alec Martinez is hit by Patrick Davis and loses puck.
15:51 of 1st period - Tyler Toffoli is hit by Michael Latta and loses puck.
17:38 of 1st period - Wrist shot by Troy Brouwer.
17:38 of 1st period - Stopped by Andrew Hammond without a rebound.
17:39 of 1st period - Troy Brouwer wins face-off versus Ryan White in Monarchs zone.
17:46 of 1st period - Brian Gionta is hit by Alexandre Grenier and loses puck.
17:59 of 1st period - Wrist shot by Justin Williams.
17:59 of 1st period - Shot Misses the Net.
18:01 of 1st period - Slapshot by Theo Peckham.
18:01 of 1st period - Shot Blocked by Brian Gionta.
18:03 of 1st period - Slapshot by Matt Irwin.
18:03 of 1st period - Deflect By Tyler Toffoli.
18:03 of 1st period - Stopped by Justin Pogge without a rebound.
18:04 of 1st period - Tyler Haskins wins face-off versus Tyler Toffoli in Ice Dragons zone.
18:30 of 1st period - Off-side.
18:31 of 1st period - Zac Rinaldo wins face-off versus Michael Latta in neutral zone.
18:36 of 1st period - Backhand shot by Zac Rinaldo.
18:36 of 1st period - Shot Misses the Net.
18:38 of 1st period - Wrist shot by Alec Martinez.
18:38 of 1st period - Shot Blocked by Michael Latta.
19:31 of 1st period - Slapshot by Riley Cote.
19:31 of 1st period - Shot Blocked by Tyler Haskins.
19:33 of 1st period - Wrist shot by Riley Cote.
19:33 of 1st period - Shot Misses the Net.
19:45 of 1st period - Slapshot by Matt Irwin.
19:45 of 1st period - Shot Blocked by Joe Callahan.
Goals for this period are 0 for Ice Dragons vs 1 for Monarchs .
Shots for this period are 3 for Ice Dragons vs 10 for Monarchs .
2nd period
0:01 of 2nd period - Patrick O'Sullivan wins face-off versus Zac Rinaldo in neutral zone.
0:16 of 2nd period - Zac Rinaldo is hit by Troy Brouwer and loses puck.
0:37 of 2nd period - Slapshot by Tom Gilbert.
0:37 of 2nd period - Stopped by Justin Pogge without a rebound.
0:38 of 2nd period - Patrick O'Sullivan wins face-off versus Tyler Toffoli in Ice Dragons zone.
0:47 of 2nd period - Slapshot by Brian Gionta.
0:47 of 2nd period - Goal by Brian Gionta - Ice Dragons : 1 - Monarchs : 1.
0:48 of 2nd period - Zac Rinaldo wins face-off versus Patrick O'Sullivan in neutral zone.
0:57 of 2nd period - Snap shot by Shawn Matthias.
0:57 of 2nd period - Stopped by Justin Pogge without a rebound.
0:58 of 2nd period - Patrick O'Sullivan wins face-off versus Zac Rinaldo in Ice Dragons zone.
0:58 of 2nd period - Patrick O'Sullivan is hit by Matt Irwin.
1:08 of 2nd period - Wrist shot by Troy Brouwer.
1:08 of 2nd period - Stopped by Andrew Hammond with a rebound.
1:34 of 2nd period - Snap shot by Zac Rinaldo.
1:34 of 2nd period - Stopped by Justin Pogge with a rebound.
1:46 of 2nd period - Snap shot by Shawn Matthias.
1:46 of 2nd period - Shot Misses the Net.
1:48 of 2nd period - Snap shot by Zac Rinaldo.
1:48 of 2nd period - Shot Blocked by Troy Brouwer.
1:50 of 2nd period - Snap shot by Zac Rinaldo.
1:50 of 2nd period - Shot Hit the Post.
1:52 of 2nd period - Wrist shot by Shawn Matthias.
1:52 of 2nd period - Stopped by Justin Pogge with a rebound.
1:54 of 2nd period - Slapshot by Theo Peckham.
1:54 of 2nd period - Shot Blocked by Joe Callahan.
1:58 of 2nd period - Snap shot by Mark Stone.
1:58 of 2nd period - Deflect By Patrick O'Sullivan.
1:58 of 2nd period - Shot Misses the Net.
1:58 of 2nd period - Puck is out of play.
1:59 of 2nd period - Tyler Haskins wins face-off versus Tyler Toffoli in Ice Dragons zone.
2:01 of 2nd period - Minor Penalty to Alexander Urbom for Roughing.
2:02 of 2nd period - Tyler Toffoli wins face-off versus Patrick O'Sullivan in Ice Dragons zone.
2:02 of 2nd period - Wrist shot by Justin Williams.
2:02 of 2nd period - Stopped by Justin Pogge without a rebound.
2:03 of 2nd period - Patrick O'Sullivan wins face-off versus Tyler Toffoli in Ice Dragons zone.
2:35 of 2nd period - Icing by Matt Irwin.
2:36 of 2nd period - Zac Rinaldo wins face-off versus Jordan LaVallee in Monarchs zone.
2:36 of 2nd period - Zac Rinaldo is hit by Brian Gionta.
2:44 of 2nd period - Snap shot by Kyle Clifford.
2:44 of 2nd period - Stopped by Justin Pogge without a rebound.
2:45 of 2nd period - Tyler Toffoli wins face-off versus Patrick O'Sullivan in Ice Dragons zone.
3:10 of 2nd period - Joe Callahan is hit by Shawn Matthias and loses puck.
3:15 of 2nd period - Slapshot by Matt Irwin.
3:15 of 2nd period - Stopped by Justin Pogge without a rebound.
3:16 of 2nd period - Jordan LaVallee wins face-off versus Zac Rinaldo in Ice Dragons zone.
3:16 of 2nd period - Jordan LaVallee is hit by Zac Rinaldo.
3:30 of 2nd period - Backhand shot by Shawn Matthias.
3:30 of 2nd period - Goal by Shawn Matthias - Ice Dragons : 1 - Monarchs : 2.
3:31 of 2nd period - Patrick O'Sullivan wins face-off versus Tyler Toffoli in neutral zone.
3:42 of 2nd period - Snap shot by Justin Williams.
3:42 of 2nd period - Shot Misses the Net.
3:44 of 2nd period - Wrist shot by Kyle Clifford.
3:44 of 2nd period - Shot Hit the Post.
3:46 of 2nd period - Snap shot by Kyle Clifford.
3:46 of 2nd period - Shot Blocked by Patrick Davis.
3:56 of 2nd period - Slapshot by Riley Cote.
3:56 of 2nd period - Deflect By Ryan White.
3:56 of 2nd period - Shot Blocked by Patrick Davis.
3:56 of 2nd period - Puck is out of play.
3:57 of 2nd period - Ryan White wins face-off versus Tyler Haskins in Ice Dragons zone.
3:58 of 2nd period - Slapshot by Riley Cote.
3:58 of 2nd period - Shot Misses the Net.
4:00 of 2nd period - Slapshot by Matt Tennyson.
4:00 of 2nd period - Stopped by Justin Pogge without a rebound.
4:01 of 2nd period - Ryan White wins face-off versus Tyler Haskins in Ice Dragons zone.
4:06 of 2nd period - Wrist shot by Riley Cote.
4:06 of 2nd period - Stopped by Justin Pogge without a rebound.
4:07 of 2nd period - Tyler Toffoli wins face-off versus Tyler Haskins in Ice Dragons zone.
4:12 of 2nd period - Wrist shot by Justin Williams.
4:12 of 2nd period - Stopped by Justin Pogge with a rebound.
4:20 of 2nd period - Slapshot by Justin Williams.
4:20 of 2nd period - Stopped by Justin Pogge without a rebound.
4:21 of 2nd period - Patrick O'Sullivan wins face-off versus Zac Rinaldo in Ice Dragons zone.
4:34 of 2nd period - Snap shot by Patrick O'Sullivan.
4:34 of 2nd period - Shot Misses the Net.
4:36 of 2nd period - Slapshot by Troy Brouwer.
4:36 of 2nd period - Shot Blocked by Alec Martinez.
6:18 of 2nd period - Slapshot by Tom Gilbert.
6:18 of 2nd period - Stopped by Justin Pogge with a rebound.
6:42 of 2nd period - Snap shot by Riley Cote.
6:42 of 2nd period - Deflect By Patrick Davis.
6:42 of 2nd period - Shot Misses the Net.
6:42 of 2nd period - Puck is out of play.
6:43 of 2nd period - Jordan LaVallee wins face-off versus Tyler Toffoli in Ice Dragons zone.
6:52 of 2nd period - Slapshot by Matt Irwin.
6:52 of 2nd period - Stopped by Justin Pogge without a rebound.
6:53 of 2nd period - Tyler Haskins wins face-off versus Tyler Toffoli in Ice Dragons zone.
7:05 of 2nd period - Joe Callahan is hit by Kyle Clifford and loses puck.
7:32 of 2nd period - Snap shot by Justin Williams.
7:32 of 2nd period - Shot Misses the Net.
7:34 of 2nd period - Snap shot by Justin Williams.
7:34 of 2nd period - Stopped by Justin Pogge with a rebound.
7:40 of 2nd period - Wrist shot by Justin Williams.
7:40 of 2nd period - Shot Blocked by Joe Callahan.
7:48 of 2nd period - Slapshot by Matt Irwin.
7:48 of 2nd period - Shot Misses the Net.
8:20 of 2nd period - Snap shot by Kyle Clifford.
8:20 of 2nd period - Shot Misses the Net.
8:22 of 2nd period - Wrist shot by Theo Peckham.
8:22 of 2nd period - Stopped by Justin Pogge without a rebound.
8:23 of 2nd period - Zac Rinaldo wins face-off versus Patrick O'Sullivan in Ice Dragons zone.
8:24 of 2nd period - Slapshot by Shawn Matthias.
8:24 of 2nd period - Stopped by Justin Pogge with a rebound.
9:11 of 2nd period - Slapshot by Trevor Lewis.
9:11 of 2nd period - Stopped by Justin Pogge without a rebound.
9:12 of 2nd period - Andreas Martinsen wins face-off versus Bradley Malone in Ice Dragons zone.
9:37 of 2nd period - Michael Latta is hit by Zac Rinaldo.
9:41 of 2nd period - Michael Latta is hit by Shawn Matthias and loses puck.
10:00 of 2nd period - Snap shot by Brian Gionta.
10:00 of 2nd period - Stopped by Andrew Hammond with a rebound.
10:02 of 2nd period - Wrist shot by Brian Gionta.
10:02 of 2nd period - Stopped by Andrew Hammond without a rebound.
10:03 of 2nd period - Michael Latta wins face-off versus Riley Cote in Monarchs zone.
10:04 of 2nd period - Backhand shot by Petr Vrana.
10:04 of 2nd period - Stopped by Andrew Hammond with a rebound.
10:06 of 2nd period - Slapshot by Brandon Kozun.
10:06 of 2nd period - Stopped by Andrew Hammond without a rebound.
10:07 of 2nd period - Zac Rinaldo wins face-off versus Brandon Kozun in Monarchs zone.
10:07 of 2nd period - Justin Faulk is hit by Petr Vrana and loses puck.
10:09 of 2nd period - Minor Penalty to Michael Latta for High sticking.
10:10 of 2nd period - Tyler Toffoli wins face-off versus Patrick O'Sullivan in Ice Dragons zone.
10:54 of 2nd period - Wrist shot by Tyler Toffoli.
10:54 of 2nd period - Shot Blocked by Brian Gionta.
10:56 of 2nd period - Slapshot by Alec Martinez.
10:56 of 2nd period - Shot Misses the Net.
11:18 of 2nd period - Snap shot by Justin Williams.
11:18 of 2nd period - Goal by Justin Williams - Ice Dragons : 1 - Monarchs : 3.
11:19 of 2nd period - Petr Vrana wins face-off versus Zac Rinaldo in neutral zone.
11:22 of 2nd period - Slapshot by Michael Latta.
11:22 of 2nd period - Stopped by Andrew Hammond with a rebound.
11:24 of 2nd period - Wrist shot by Michael Latta.
11:24 of 2nd period - Shot Hit the Post.
11:26 of 2nd period - Slapshot by Petr Vrana.
11:26 of 2nd period - Stopped by Andrew Hammond with a rebound.
11:28 of 2nd period - Slapshot by Brandon Kozun.
11:28 of 2nd period - Shot Blocked by Matt Tennyson.
11:30 of 2nd period - Snap shot by Brandon Kozun.
11:30 of 2nd period - Shot Misses the Net.
11:32 of 2nd period - Wrist shot by Michael Latta.
11:32 of 2nd period - Shot Misses the Net.
11:34 of 2nd period - Snap shot by Brandon Kozun.
11:34 of 2nd period - Goal by Brandon Kozun - Ice Dragons : 2 - Monarchs : 3.
11:35 of 2nd period - Patrick O'Sullivan wins face-off versus Zac Rinaldo in neutral zone.
12:04 of 2nd period - Off-side.
12:05 of 2nd period - Tyler Toffoli wins face-off versus Tyler Haskins in neutral zone.
12:05 of 2nd period - Kyle Clifford is hit by Tyler Haskins and loses puck.
12:16 of 2nd period - Snap shot by Tyler Toffoli.
12:16 of 2nd period - Shot Blocked by Patrick Davis.
12:18 of 2nd period - Minor Penalty to Patrick Davis for High sticking.
12:19 of 2nd period - Patrick O'Sullivan wins face-off versus Tyler Toffoli in Ice Dragons zone.
12:28 of 2nd period - Kevin Connauton is hit by Alec Martinez and loses puck.
12:46 of 2nd period - Icing by Alec Martinez.
12:47 of 2nd period - Jordan LaVallee wins face-off versus Zac Rinaldo in Monarchs zone.
12:58 of 2nd period - Snap shot by Jordan LaVallee.
12:58 of 2nd period - Stopped by Andrew Hammond without a rebound.
12:59 of 2nd period - Patrick O'Sullivan wins face-off versus Tyler Toffoli in Monarchs zone.
13:22 of 2nd period - Kevin Connauton is hit by Kyle Clifford and loses puck.
13:35 of 2nd period - Jordan LaVallee is hit by Tyler Toffoli and loses puck.
13:42 of 2nd period - Snap shot by Kyle Clifford.
13:42 of 2nd period - Goal by Kyle Clifford - Ice Dragons : 2 - Monarchs : 4.
13:43 of 2nd period - Zac Rinaldo wins face-off versus Patrick O'Sullivan in neutral zone.
14:36 of 2nd period - Snap shot by Justin Williams.
14:36 of 2nd period - Deflect By Kyle Clifford.
14:36 of 2nd period - Stopped by Justin Pogge without a rebound.
14:37 of 2nd period - Tyler Toffoli wins face-off versus Patrick O'Sullivan in Ice Dragons zone.
14:48 of 2nd period - Snap shot by Tyler Toffoli.
14:48 of 2nd period - Shot Misses the Net.
15:07 of 2nd period - Off-side.
15:08 of 2nd period - Zac Rinaldo wins face-off versus Tyler Haskins in neutral zone.
15:26 of 2nd period - Mark Stone is hit by Ryan Reaves and loses puck.
15:43 of 2nd period - Snap shot by Petr Vrana.
15:43 of 2nd period - Stopped by Andrew Hammond with a rebound.
15:45 of 2nd period - Slapshot by Petr Vrana.
15:45 of 2nd period - Shot Blocked by Justin Faulk.
15:47 of 2nd period - Wrist shot by Brandon Kozun.
15:47 of 2nd period - Stopped by Andrew Hammond with a rebound.
15:49 of 2nd period - Wrist shot by Brandon Kozun.
15:49 of 2nd period - Shot Misses the Net.
16:01 of 2nd period - Troy Brouwer is hit by Alec Martinez.
17:00 of 2nd period - Icing by Alexandre Grenier.
17:01 of 2nd period - Ryan White wins face-off versus Patrick O'Sullivan in Monarchs zone.
17:08 of 2nd period - Brian Gionta is hit by Alexandre Grenier and loses puck.
18:20 of 2nd period - Alexandre Grenier is hit by Troy Brouwer and loses puck.
18:35 of 2nd period - Wrist shot by Petr Vrana.
18:35 of 2nd period - Shot Blocked by Alec Martinez.
18:37 of 2nd period - Wrist shot by Petr Vrana.
18:37 of 2nd period - Shot Misses the Net.
18:39 of 2nd period - Slapshot by Patrick Davis.
18:39 of 2nd period - Stopped by Andrew Hammond without a rebound.
18:40 of 2nd period - Zac Rinaldo wins face-off versus Tyler Haskins in Monarchs zone.
19:20 of 2nd period - Wrist shot by Zac Rinaldo.
19:20 of 2nd period - Stopped by Justin Pogge without a rebound.
19:21 of 2nd period - Petr Vrana wins face-off versus Tyler Toffoli in Ice Dragons zone.
19:36 of 2nd period - Snap shot by Michael Latta.
19:36 of 2nd period - Shot Misses the Net.
19:49 of 2nd period - Alec Martinez is hit by Samuel Groulx and loses puck.
19:52 of 2nd period - Slapshot by Trevor Lewis.
19:52 of 2nd period - Shot Misses the Net.
19:54 of 2nd period - Wrist shot by Andreas Martinsen.
19:54 of 2nd period - Shot Misses the Net.
19:56 of 2nd period - Slapshot by Alec Martinez.
19:56 of 2nd period - Shot Blocked by Troy Brouwer.
19:58 of 2nd period - Slapshot by Andreas Martinsen.
19:58 of 2nd period - Stopped by Justin Pogge with a rebound.
Goals for this period are 2 for Ice Dragons vs 3 for Monarchs .
Shots for this period are 13 for Ice Dragons vs 23 for Monarchs .
3rd period
0:01 of 3rd period - Tyler Toffoli wins face-off versus Patrick O'Sullivan in neutral zone.
0:06 of 3rd period - Joe Callahan is hit by Justin Williams and loses puck.
0:27 of 3rd period - Samuel Groulx is hit by Shawn Matthias and loses puck.
1:12 of 3rd period - Wrist shot by Andreas Martinsen.
1:12 of 3rd period - Stopped by Justin Pogge with a rebound.
1:14 of 3rd period - Slapshot by Justin Faulk.
1:14 of 3rd period - Stopped by Justin Pogge without a rebound.
1:15 of 3rd period - Tyler Toffoli wins face-off versus Bradley Malone in Ice Dragons zone.
1:19 of 3rd period - Minor Penalty to Logan MacMillan for Interference.
1:20 of 3rd period - Patrick O'Sullivan wins face-off versus Tyler Toffoli in Ice Dragons zone.
1:36 of 3rd period - Wrist shot by Justin Williams.
1:36 of 3rd period - Goal by Justin Williams - Ice Dragons : 2 - Monarchs : 5.
1:37 of 3rd period - Patrick O'Sullivan wins face-off versus Tyler Toffoli in neutral zone.
2:03 of 3rd period - Shawn Matthias is hit by Joe Callahan and loses puck.
2:25 of 3rd period - Off-side.
2:26 of 3rd period - Michael Latta wins face-off versus Ryan White in neutral zone.
2:57 of 3rd period - Slapshot by Joe Callahan.
2:57 of 3rd period - Shot Misses the Net.
2:59 of 3rd period - Snap shot by Brandon Kozun.
2:59 of 3rd period - Shot Misses the Net.
3:01 of 3rd period - Backhand shot by Petr Vrana.
3:01 of 3rd period - Shot Misses the Net.
3:03 of 3rd period - Slapshot by Samuel Groulx.
3:03 of 3rd period - Deflect By Michael Latta.
3:03 of 3rd period - Stopped by Andrew Hammond with a rebound.
3:26 of 3rd period - Slapshot by Michael Latta.
3:26 of 3rd period - Stopped by Andrew Hammond with a rebound.
3:28 of 3rd period - Minor Penalty to Riley Cote for Hooking.
3:29 of 3rd period - Shawn Matthias wins face-off versus Patrick O'Sullivan in Monarchs zone.
3:29 of 3rd period - Shawn Matthias is hit by Troy Brouwer.
3:37 of 3rd period - Snap shot by Shawn Matthias.
3:37 of 3rd period - Goal by Shawn Matthias - Ice Dragons : 2 - Monarchs : 6.
3:38 of 3rd period - Troy Brouwer wins face-off versus Kyle Clifford in neutral zone.
4:03 of 3rd period - Tyler Haskins is hit by Theo Peckham and loses puck.
4:41 of 3rd period - Jordan LaVallee is hit by Alexandre Grenier and loses puck.
5:28 of 3rd period - Penalty to Riley Cote is over, Riley Cote is back on ice.
5:42 of 3rd period - Slapshot by Petr Vrana.
5:42 of 3rd period - Stopped by Andrew Hammond without a rebound.
5:43 of 3rd period - Zac Rinaldo wins face-off versus Michael Latta in Monarchs zone.
5:43 of 3rd period - Zac Rinaldo is hit by Michael Latta.
6:11 of 3rd period - Snap shot by Patrick O'Sullivan.
6:11 of 3rd period - Shot Misses the Net.
6:23 of 3rd period - Snap shot by Patrick O'Sullivan.
6:23 of 3rd period - Stopped by Andrew Hammond with a rebound.
6:35 of 3rd period - Snap shot by Kyle Clifford.
6:35 of 3rd period - Shot Blocked by Patrick Davis.
6:37 of 3rd period - Wrist shot by Matt Tennyson.
6:37 of 3rd period - Deflect By Justin Williams.
6:37 of 3rd period - Stopped by Justin Pogge with a rebound.
6:39 of 3rd period - Backhand shot by Matt Tennyson.
6:39 of 3rd period - Goal by Matt Tennyson - Ice Dragons : 2 - Monarchs : 7.
6:40 of 3rd period - Patrick O'Sullivan wins face-off versus Zac Rinaldo in neutral zone.
6:43 of 3rd period - Wrist shot by Troy Brouwer.
6:43 of 3rd period - Shot Misses the Net.
6:56 of 3rd period - Wrist shot by Troy Brouwer.
6:56 of 3rd period - Stopped by Andrew Hammond with a rebound.
7:09 of 3rd period - Off-side.
7:10 of 3rd period - Tyler Toffoli wins face-off versus Tyler Haskins in neutral zone.
7:36 of 3rd period - Wrist shot by Trevor Lewis.
7:36 of 3rd period - Shot Misses the Net.
7:38 of 3rd period - Snap shot by Anthony Peluso.
7:38 of 3rd period - Deflect By Tyler Haskins.
7:38 of 3rd period - Stopped by Justin Pogge with a rebound.
7:40 of 3rd period - Backhand shot by Trevor Lewis.
7:40 of 3rd period - Stopped by Justin Pogge with a rebound.
7:58 of 3rd period - Brian Gionta is hit by Shawn Matthias and loses puck.
9:02 of 3rd period - Kyle Bigos is hit by Theo Peckham and loses puck.
9:09 of 3rd period - Slapshot by Kevin Connauton.
9:09 of 3rd period - Deflect By Patrick O'Sullivan.
9:09 of 3rd period - Shot Blocked by Theo Peckham.
9:09 of 3rd period - Puck is out of play.
9:10 of 3rd period - Tyler Haskins wins face-off versus Zac Rinaldo in Monarchs zone.
9:13 of 3rd period - Slapshot by Jordan LaVallee.
9:13 of 3rd period - Goal by Jordan LaVallee - Ice Dragons : 3 - Monarchs : 7.
9:14 of 3rd period - Troy Brouwer wins face-off versus Tyler Toffoli in neutral zone.
9:23 of 3rd period - Slapshot by Brian Gionta.
9:23 of 3rd period - Stopped by Andrew Hammond without a rebound.
9:24 of 3rd period - Tyler Toffoli wins face-off versus Patrick O'Sullivan in Monarchs zone.
9:29 of 3rd period - Snap shot by Kyle Clifford.
9:29 of 3rd period - Deflect By Joe Callahan.
9:29 of 3rd period - Shot Blocked by Joe Callahan.
9:29 of 3rd period - Puck is out of play.
9:30 of 3rd period - Zac Rinaldo wins face-off versus Patrick O'Sullivan in Ice Dragons zone.
10:12 of 3rd period - Snap shot by Brian Gionta.
10:12 of 3rd period - Shot Blocked by Anthony Peluso.
10:14 of 3rd period - Wrist shot by Patrick O'Sullivan.
10:14 of 3rd period - Shot Blocked by Matt Irwin.
10:16 of 3rd period - Snap shot by Troy Brouwer.
10:16 of 3rd period - Shot Blocked by Anthony Peluso.
10:32 of 3rd period - Wrist shot by Trevor Lewis.
10:32 of 3rd period - Shot Blocked by Brian Gionta.
10:34 of 3rd period - Slapshot by Trevor Lewis.
10:34 of 3rd period - Stopped by Justin Pogge without a rebound.
10:35 of 3rd period - Tyler Haskins wins face-off versus Tyler Toffoli in Ice Dragons zone.
10:35 of 3rd period - Tyler Haskins is hit by Alec Martinez.
10:54 of 3rd period - Kyle Clifford and Ryan Reaves fight to a draw.
10:54 of 3rd period - Penalty to Kyle Clifford for Fighting.
10:54 of 3rd period - Penalty to Ryan Reaves for Fighting.
10:54 of 3rd period - Penalty to Ryan Reaves for instigated a fight.
10:54 of 3rd period - Penalty to Ryan Reaves for instigated a fight.
10:55 of 3rd period - Tyler Toffoli wins face-off versus Patrick O'Sullivan in Monarchs zone.
10:58 of 3rd period - Wrist shot by Troy Brouwer.
10:58 of 3rd period - Stopped by Andrew Hammond without a rebound.
10:59 of 3rd period - Shawn Matthias wins face-off versus Patrick O'Sullivan in Monarchs zone.
11:06 of 3rd period - Snap shot by Justin Williams.
11:06 of 3rd period - Stopped by Justin Pogge with a rebound.
12:48 of 3rd period - Icing by Ryan White.
12:49 of 3rd period - Ryan White wins face-off versus Patrick O'Sullivan in Monarchs zone.
12:54 of 3rd period - Penalty to Ryan Reaves is over, Michael Latta is send on ice.
13:05 of 3rd period - Icing by Alexander Urbom.
13:06 of 3rd period - Patrick O'Sullivan wins face-off versus Ryan White in Ice Dragons zone.
13:40 of 3rd period - Slapshot by Andreas Martinsen.
13:40 of 3rd period - Stopped by Justin Pogge with a rebound.
13:55 of 3rd period - Snap shot by Jordan LaVallee.
13:55 of 3rd period - Shot Misses the Net.
14:21 of 3rd period - Slapshot by Ryan White.
14:21 of 3rd period - Shot Misses the Net.
15:11 of 3rd period - Wrist shot by Michael Latta.
15:11 of 3rd period - Shot Misses the Net.
15:13 of 3rd period - Snap shot by Brandon Kozun.
15:13 of 3rd period - Shot Blocked by Tom Gilbert.
15:19 of 3rd period - Minor Penalty to Tom Gilbert for Roughing.
15:20 of 3rd period - Riley Cote wins face-off versus Patrick O'Sullivan in Monarchs zone.
15:54 of 3rd period - Penalty to Kyle Clifford is over, Kyle Clifford is back on ice.
16:15 of 3rd period - Brian Gionta is hit by Justin Faulk and loses puck.
16:38 of 3rd period - Petr Vrana is hit by Shawn Matthias and loses puck.
17:19 of 3rd period - Penalty to Tom Gilbert is over, Tom Gilbert is back on ice.
18:28 of 3rd period - Shawn Matthias is hit by Logan MacMillan and loses puck.
19:17 of 3rd period - Michael Latta is hit by Trevor Lewis and loses puck.
19:37 of 3rd period - Samuel Groulx is hit by Theo Peckham and loses puck.
19:50 of 3rd period - Matt Irwin is hit by Joe Callahan.
Goals for this period are 1 for Ice Dragons vs 3 for Monarchs .
Shots for this period are 8 for Ice Dragons vs 11 for Monarchs .
Back to the Top